Map: [ESL] Hecate

Players

PtitDrogo - Winner!

  • Race: Protoss Protoss
  • Spawn Location: 7:00

ShaDoWn

  • Race: Protoss Protoss
  • League: Master
  • Spawn Location: 1:00

Event: HomeStory Cup XXIV

VOD

Have the link to the VOD?

Description

Time

  • Played on: Dec. 1, 2023, 1:27 p.m.
  • Length: 6:05

All games in this series

Show
View Real Time Build Order
Export as new Build Order

PtitDrogo Protoss - Winner!

Build Orders:  

Get SALT Encoding   

  12  0:00  Probe  
  13  0:12  Probe  
  14  0:17  Pylon  
  14  0:24  Probe (Chrono Boost)  
  15  0:36  Gateway, Probe (Chrono Boost)  
  16  0:44  Probe (Chrono Boost)  
  16  0:46  Assimilator  
  17  0:51  Probe  
  17  0:55  Assimilator  
  18  1:03  Probe (Chrono Boost)  
  19  1:07  Gateway  
  19  1:13  Probe (Chrono Boost)  
  19  1:18  Probe (Chrono Boost)  
  20  1:23  Cybernetics Core  
  21  1:29  Probe  
  22  1:33  Pylon  
  22  1:41  Probe  
  23  1:53  Probe  
  24  1:58  Warp Gate (Chrono Boost)  
  24  2:00  Adept x2  
  28  2:06  Probe  
  29  2:10  Pylon  
  29  2:18  Probe  
  30  2:28  Pylon  
  30  2:30  Adept x2  
  34  2:47  Nexus  
  34  3:00  Adept x2  
  34  3:16  Probe  
  35  3:22  Twilight Council  
  34  3:28  Probe  
  35  3:36  Pylon  
  35  3:40  Probe  
  35  3:41  Stalker x2  
  38  3:52  Probe (Chrono Boost)  
  39  4:01  Dark Shrine  
  41  4:03  Probe (Chrono Boost)  
  41  4:04  Probe (Chrono Boost)  
  40  4:11  Probe (Chrono Boost)  
  40  4:12  Stalker  
  40  4:13  Probe (Chrono Boost)  
  43  4:19  Probe  
  43  4:22  Probe  
  45  4:27  Stalker  
  45  4:28  Pylon  
  45  4:31  Probe  
  48  4:34  Probe  
  49  4:44  Robotics Facility  
  49  4:45  Probe  
  50  4:51  Probe  
  51  4:57  Probe  
  52  5:02  Assimilator  
  52  5:03  Probe  
  52  5:04  Pylon  
  53  5:09  Probe  
  53  5:12  Dark Templar x2  
  58  5:15  Probe  
  59  5:21  Probe  
  59  5:26  Nexus  
  59  5:27  Probe  
  61  5:31  Observer (Chrono Boost)  
  61  5:33  Probe  
  63  5:39  Probe  
  64  5:45  Dark Templar  
  64  5:47  Probe  
  67  5:51  Probe  
Show
View Real Time Build Order
Export as new Build Order

ShaDoWn Protoss 

Build Orders:  

Get SALT Encoding   

  12  0:00  Probe  
  13  0:12  Probe  
  14  0:17  Pylon  
  14  0:24  Probe  
  15  0:35  Gateway  
  15  0:36  Probe (Chrono Boost)  
  16  0:46  Assimilator, Probe (Chrono Boost)  
  17  0:51  Probe (Chrono Boost)  
  17  0:54  Assimilator  
  18  1:03  Probe (Chrono Boost)  
  19  1:06  Gateway  
  19  1:13  Probe (Chrono Boost)  
  19  1:18  Probe (Chrono Boost)  
  20  1:22  Cybernetics Core  
  21  1:29  Probe  
  21  1:32  Pylon  
  22  1:41  Probe  
  23  1:53  Probe  
  24  1:59  Adept x2  
  24  2:00  Warp Gate  
  28  2:12  Pylon  
  28  2:20  Probe  
  29  2:29  Stalker  
  31  2:30  Stalker  
  31  2:32  Probe  
  34  2:50  Nexus  
  34  2:53  Probe  
  34  3:05  Probe (Chrono Boost)  
  30  3:17  Probe (Chrono Boost)  
  30  3:24  Probe (Chrono Boost)  
  31  3:28  Twilight Council  
  31  3:32  Probe  
  30  3:44  Probe  
  30  3:47  Adept x2  
  35  3:52  Pylon  
  35  3:56  Probe  
  36  4:08  Probe  
  33  4:11  Stalker x2  
  33  4:12  Probe  
  33  4:14  Shield Battery  
  38  4:20  Probe  
  38  4:21  Dark Shrine  
  39  4:24  Probe  
  39  4:30  Shield Battery  
  40  4:32  Probe  
  40  4:37  Stalker  
  44  4:41  Stalker  
  44  4:44  Probe  
  44  4:45  Shield Battery  
  46  4:46  Probe  
  47  4:58  Probe (Chrono Boost)  
  48  5:00  Probe (Chrono Boost)  
  48  5:06  Robotics Facility  
  48  5:09  Probe (Chrono Boost)  
  48  5:12  Probe (Chrono Boost)  
  50  5:15  Probe (Chrono Boost)  
  50  5:18  Gateway  
  50  5:21  Probe (Chrono Boost)  
  52  5:26  Assimilator  
  53  5:29  Probe x2 (Chrono Boost)  
  53  5:34  Dark Templar x2  
  58  5:36  Probe  
  58  5:37  Probe  
  56  5:44  Pylon  
  56  5:48  Pylon  
  56  5:49  Pylon  
  56  5:52  Pylon  
  54  5:58  Cybernetics Core  
Tags
 
Add a new tag
Caveats
  • Supply blocks, unpowered buildings, or Contaminate may cause inaccurate times.
  • Supply counts are checked every 10 seconds.